 Dungeon Crawl Stone Soup version 0.23.0 (webtiles) character file.

Game seed: 18302597374275722596

379 Faca the Skirmisher (level 6, -7/53 HPs)
             Began as a Gnoll Wanderer on Feb 17, 2019.
             Killed by divine providence
             ... invoked by an orc priest
              (12 damage)
             ... on level 4 of the Dungeon.
             The game lasted 00:06:35 (3798 turns).

Faca the Skirmisher (Gnoll Wanderer)                Turns: 3798, Time: 00:06:36

Health: -7/53      AC:  5    Str: 15    XL:     6   Next: 74%
Magic:  9/9        EV: 13    Int: 14    God:
Gold:   175        SH:  0    Dex: 16    Spells: 9/9 levels left

rFire    + . .     SeeInvis .   a - +2 falchion
rCold    . . .     Gourm    .   (no shield)
rNeg     . . .     Faith    .   i - +0 ring mail
rPois    .         Spirit   .   (no helmet)
rElec    .         Reflect  .   (no cloak)
rCorr    .         Harm     .   (no gloves)
MR       .....                  (no boots)
Stlth    ++........             (no amulet)
HPRegen  0.17/turn              v - ring of protection from fire
MPRegen  0.11/turn              (no ring)

@: no status effects
A: distributed training, fangs 1, strong nose
a: no special abilities


You were on level 4 of the Dungeon.
You were hungry.

You visited 1 branch of the dungeon, and saw 4 of its levels.

You collected 175 gold pieces.

Inventory:

Hand Weapons
 a - a +2 falchion (weapon)
 d - a +0 blowgun
 f - a +0 dagger
Missiles
 c - 26 poisoned needles
 m - 4 tomahawks (quivered)
 t - 2 javelins
Armour
 i - a +0 ring mail (worn)
Jewellery
 v - a ring of protection from fire (left hand)
Scrolls
 b - 2 scrolls of teleportation
 e - a scroll of blinking {unknown}
 j - 3 scrolls of fog {unknown}
 o - 5 scrolls of identify {unknown}
 p - 2 scrolls of remove curse {unknown}
 s - a scroll of amnesia {unknown}
Potions
 h - a potion of curing
 k - 2 potions of brilliance {unknown}
 l - a potion of resistance
 n - a potion of lignification {unknown}
 q - a potion of haste
 r - a potion of heal wounds {unknown}
Comestibles
 g - 7 rations


   Skills:
 + Level 6.8 Fighting
 + Level 2.0 Short Blades
 + Level 3.3 Long Blades
 + Level 2.0 Axes
 + Level 2.0 Maces & Flails
 + Level 2.0 Polearms
 + Level 2.0 Staves
 + Level 2.0 Slings
 + Level 2.0 Bows
 + Level 2.0 Crossbows
 + Level 3.3 Throwing
 + Level 2.0 Armour
 + Level 5.0 Dodging
 + Level 4.6 Stealth
 + Level 2.0 Shields
 + Level 2.0 Unarmed Combat
 + Level 2.0 Spellcasting
 + Level 1.6 Conjurations
 + Level 1.6 Hexes
 + Level 1.6 Charms
 + Level 1.6 Summonings
 + Level 1.6 Necromancy
 + Level 1.6 Translocations
 + Level 1.6 Transmutations
 + Level 1.6 Fire Magic
 + Level 1.6 Ice Magic
 + Level 1.6 Air Magic
 + Level 1.6 Earth Magic
 + Level 1.6 Poison Magic
 + Level 2.2 Invocations
 + Level 3.3 Evocations


You had 9 spell levels left.
You didn't know any spells.
Your spell library was empty.

Dungeon Overview and Level Annotations

Branches:
Dungeon (4/15)
 Temple: D:4-7

Altars:
Makhleb
Ru
Trog
The Shining One


Innate Abilities, Weirdness & Mutations

Your experience applies equally to all skills.
You have very sharp teeth.
Your uncanny sense of smell can sniff out nearby items.


Message History

The orc priest hits you but does no damage.
You hit the orc priest but do no damage.
The orc priest is moderately wounded.
The orc priest barely misses you.
You hit the orc priest but do no damage.
The orc priest is moderately wounded.
The orc priest calls down the wrath of Beogh upon you.
Beogh smites you!
* * * LOW HITPOINT WARNING * * *
You hit the orc priest but do no damage.
The orc priest is moderately wounded.
The orc priest hits you but does no damage.
You hit the orc priest but do no damage.
The orc priest is moderately wounded.
The orc priest hits you but does no damage.
You completely miss the orc priest.
The orc priest is moderately wounded.
The orc priest invokes the aid of Beogh against you.
Beogh smites you!
You die...

### ## ##.# #.###..
##..# ## ##.......
#...######.
.........#
##.........
.........##
#..########
..........#######.##
..................#
.........o@...<...#
............#######
...!........#
...........##
...........#
...........#
..........##
...!......#
.........##


You could see an orc priest.

Vanquished Creatures
  A crimson imp (D:3)
  A hound (D:4)
  An orc priest (D:3)
  3 orc wizards (D:3)
  5 gnolls
  8 adders
  2 worms
  2 dart slugs
  A leopard gecko (D:1)
  9 orcs
  4 bats
  2 giant cockroaches
  9 goblins
  5 hobgoblins
  9 kobolds
  2 ball pythons
  7 frilled lizards
  5 rats
76 creatures vanquished.

Notes
Turn   | Place    | Note
-------+----------+-------------------------------------------
     0 | D:1      | Faca the Gnoll Wanderer began the quest for the Orb.
     0 | D:1      | Faca set off with the following items: a +2 falchion, a
                  | scroll of teleportation, 8 poisoned needles, a +0 blowgun,
                  | a +0 robe, a +0 dagger, a ration
     0 | D:1      | Reached XP level 1. HP: 23/23 MP: 2/2
   291 | D:1      | Reached XP level 2. HP: 28/29 MP: 3/3
   869 | D:2      | Reached XP level 3. HP: 35/35 MP: 4/4
   884 | D:2      | Reached skill level 1 in Invocations
   890 | D:2      | Reached skill level 1 in Short Blades
   890 | D:2      | Reached skill level 1 in Axes
   890 | D:2      | Reached skill level 1 in Maces & Flails
   890 | D:2      | Reached skill level 1 in Polearms
   890 | D:2      | Reached skill level 1 in Staves
   890 | D:2      | Reached skill level 1 in Slings
   890 | D:2      | Reached skill level 1 in Bows
   890 | D:2      | Reached skill level 1 in Crossbows
   890 | D:2      | Reached skill level 1 in Armour
   890 | D:2      | Reached skill level 1 in Shields
   890 | D:2      | Reached skill level 1 in Unarmed Combat
   890 | D:2      | Reached skill level 1 in Spellcasting
   890 | D:2      | Reached XP level 4. HP: 12/41 MP: 4/6
  1510 | D:2      | Reached skill level 1 in Conjurations
  1510 | D:2      | Reached skill level 1 in Hexes
  1510 | D:2      | Reached skill level 1 in Charms
  1510 | D:2      | Reached skill level 1 in Summonings
  1510 | D:2      | Reached skill level 1 in Necromancy
  1510 | D:2      | Reached skill level 1 in Translocations
  1510 | D:2      | Reached skill level 1 in Transmutations
  1510 | D:2      | Reached skill level 1 in Fire Magic
  1510 | D:2      | Reached skill level 1 in Ice Magic
  1510 | D:2      | Reached skill level 1 in Air Magic
  1510 | D:2      | Reached skill level 1 in Earth Magic
  1510 | D:2      | Reached skill level 1 in Poison Magic
  1564 | D:2      | Reached XP level 5. HP: 24/47 MP: 7/7
  1878 | D:2      | Found a bloodstained altar of Trog.
  2614 | D:3      | Reached XP level 6. HP: 27/53 MP: 8/8
  2910 | D:3      | Reached skill level 5 in Dodging
  3076 | D:3      | Found a burning altar of Makhleb.
  3170 | D:3      | Found a glowing golden altar of the Shining One.
  3323 | D:3      | Found a sacrificial altar of Ru.
  3798 | D:4      | Killed from afar by an orc priest

Skill      XL: |  1  2  3  4  5  6 |
---------------+-------------------+-----
Invocations    | 1 2 |  2.2
Short Blades   | 1 2 |  2.0
Axes           | 1 2 |  2.0
Maces & Flails | 1 2 |  2.0
Polearms       | 1 2 |  2.0
Staves         | 1 2 |  2.0
Slings         | 1 2 |  2.0
Bows           | 1 2 |  2.0
Crossbows      | 1 2 |  2.0
Armour         | 1 2 |  2.0
Shields        | 1 2 |  2.0
Unarmed Combat | 1 2 |  2.0
Spellcasting   | 1 2 |  2.0
Conjurations   | 1 |  1.6
Hexes          | 1 |  1.6
Charms         | 1 |  1.6
Summonings     | 1 |  1.6
Necromancy     | 1 |  1.6
Translocations | 1 |  1.6
Transmutations | 1 |  1.6
Fire Magic     | 1 |  1.6
Ice Magic      | 1 |  1.6
Air Magic      | 1 |  1.6
Earth Magic    | 1 |  1.6
Poison Magic   | 1 |  1.6
Long Blades    | 3 |  3.3
Throwing       | 3 |  3.3
Evocations     | 3 |  3.3
Dodging        | 5 |  5.0
Fighting       | |  6.8
Stealth        | |  4.6

Action                   |  1- 3 |  4- 6 || total
-------------------------+-------+-------++-------
Melee: Falchion          |    55 |   200 ||   255
       Bite              |     6 |    24 ||    30
       Punch             |     1 |     2 ||     3
       Dagger            |       |     7 ||     7
  Use: Potion            |       |     5 ||     5
 Stab: Sleeping          |     4 |     4 ||     8
       Invisible         |       |     3 ||     3
  Eat: Chunk             |       |     9 ||     9
Armor: Ring mail         |    16 |    61 ||    77
Dodge: Dodged            |    37 |   158 ||   195
       Rpst.: Falchion   |     9 |    43 ||    52
